[Event "Titled Tuesday Blitz June 6 Late 2023"]
[White "Pinheiro, Iung Alicio de O."]
[Black "Torres Dominguez, David"]
[WhiteFideId "2104350"]
[BlackFideId "2220857"]
[WhiteElo "2283"]
[BlackElo "1999"]
[Result "1-0"]
[Round "5"]
[TimeControl "180+2"]
[Date "2023.06.07"]
[WhiteClock "0:00:03"]
[BlackClock "0:00:02"]
[Board "103"]

1. e4 Nc6 2. Nf3 e5 3. Bc4 Bc5 4. b4 Bxb4 5. c3 Be7 6. d4 Nf6 7. dxe5 Ng4 8. Bf4 d6 9. exd6 Bxd6 10. Bxd6 Qxd6 11. Qxd6 cxd6 12. Nbd2 Ke7 13. Rb1 b6 14. Bd5 Bd7 15. Nc4 Rac8 16. O-O Nce5 17. Nfd2 Nxc4 18. Nxc4 Ne5 19. Nxe5 dxe5 20. c4 f6 21. f4 exf4 22. Rxf4 Be6 23. Re1 Rhe8 24. e5 fxe5 25. Rxe5 Kd6 26. Rfe4 Bd7 27. Rxe8 Rxe8 28. Rh4 h6 29. Kf2 Be6 30. Rd4 Kc5 31. Rd1 Bxd5 32. cxd5 Rd8 33. Rc1+ Kd6 34. Rc6+ Kxd5 35. Rc7 a5 36. Rxg7 Kc5 37. Rg6 Rd2+ 38. Kf3 a4 39. Rxh6 a3 40. Rh8 Rxa2 41. h4 b5 42. h5 Ra1 43. h6 Rh1 44. h7 Kb4 45. g4 a2 46. Ra8 Kb3 47. g5 Kb2 48. g6 b4 49. g7 a1=Q 50. Rxa1 Kxa1 51. h8=Q Rf1+ 52. Ke2 Rb1 53. g8=Q+ 1-0


[Site "https://www.chess.com"]

[Event "Titled Tuesday Blitz June 6 Late 2023"]
[White "Belov, Alexei"]
[Black "Vega Gutierrez, Sabrina"]
[WhiteFideId "4128206"]
[BlackFideId "2219026"]
[WhiteElo "2634"]
[BlackElo "2209"]
[Result "1/2-1/2"]
[Round "5"]
[TimeControl "180+2"]
[Date "2023.06.07"]
[WhiteClock "0:00:52"]
[BlackClock "0:00:11"]
[Board "104"]

1. e4 c5 2. Nf3 e6 3. d4 cxd4 4. Nxd4 Nf6 5. Nc3 Nc6 6. Ndb5 d6 7. Bf4 e5 8. Bg5 a6 9. Na3 b5 10. Nd5 Be7 11. Bxf6 Bxf6 12. c3 Bg5 13. Nc2 Ne7 14. Nxe7 Qxe7 15. Nb4 O-O 16. Nd5 Qb7 17. Be2 Be6 18. O-O Bxd5 19. Qxd5 Qxd5 20. exd5 e4 21. a4 bxa4 22. Rxa4 a5 23. Rxe4 Rfb8 24. b4 a4 25. Ra1 a3 26. Ra2 Bc1 27. Rc4 Bb2 28. Rc6 Rc8 29. c4 Re8 30. Kf1 Ra4 31. c5 Rxb4 32. Rxd6 Bd4 33. Rb6 Bxc5 34. Rxb4 Bxb4 35. f3 Kf8 36. Kf2 Rc8 37. Bb5 Ke7 38. Bc6 Kd6 39. Ke3 Rb8 40. Kd3 Bc5 41. Kc3 Rb1 42. h3 h5 43. Rc2 h4 44. Kc4 Rb2 45. Kc3 Rb1 46. Ra2 f6 47. Kd3 Rb2 48. Rxb2 axb2 49. Kc2 Bd4 50. Kb1 Ke5 51. Kc2 Kd6 52. Bb7 g5 53. Kb1 Be5 54. Bc6 Kc5 55. Kc2 Kd4 56. Kxb2 Ke3+ 57. Kc2 Kf2 58. f4 Bxf4 59. d6 Bxd6 60. Kd3 Be5 61. Bf3 Kg3 62. Ke4 Kf2 63. Kf5 Kg3 64. Be4 Bb2 65. Kg6 Bc3 66. Bf3 Kf4 67. Kh5 f5 68. Be2 Bb2 69. Bf3 Bc1 70. Be2 Kg3 71. Bf3 Bd2 72. Kg6 g4 73. hxg4 fxg4 74. Be4 Kf4 75. Bd5 Kg3 76. Kh5 Be3 77. Bc6 Bc1 78. Bb7 h3 79. gxh3 gxh3 80. Kg6 h2 81. Kf5 Kf2 82. Kg4 Kg1 83. Kh3 h1=Q+ 84. Bxh1 1/2-1/2


[Site "https://www.chess.com"]

[Event "Titled Tuesday Blitz June 6 Late 2023"]
[White "Melian, Juan Sebastian"]
[Black "Przybylski, Wojciech"]
[WhiteFideId "3706575"]
[BlackFideId "1117599"]
[WhiteElo "2092"]
[BlackElo "2228"]
[Result "0-1"]
[Round "5"]
[TimeControl "180+2"]
[Date "2023.06.07"]
[WhiteClock "0:00:01"]
[BlackClock "0:00:31"]
[Board "105"]

1. d4 Nf6 2. Nf3 e6 3. Bg5 d5 4. Nbd2 h6 5. Bh4 Nbd7 6. e3 Be7 7. Bd3 O-O 8. O-O b6 9. Ne5 Bb7 10. f4 c5 11. c3 cxd4 12. exd4 Ne4 13. Bxe7 Qxe7 14. Nxd7 Nxd2 15. Qxd2 Qxd7 16. f5 exf5 17. Bxf5 Qd6 18. Rae1 Rae8 19. Re3 Rxe3 20. Qxe3 Bc6 21. Re1 Qf6 22. Bd3 Ra8 23. Qe7 Qf4 24. g3 Qd2 25. Qe2 Qxe2 26. Rxe2 Kf8 27. b3 Bd7 28. c4 Be6 29. c5 Ke7 30. b4 a5 31. cxb6 axb4 32. Rb2 Kd6 33. Rxb4 Kc6 34. a4 Kb7 35. Kf2 Bd7 36. Bb5 Be6 37. Ke3 Kxb6 38. Bd7+ Kc7 39. Bxe6 fxe6 40. g4 Kd6 41. Rb6+ Ke7 42. Rb4 Kf6 43. Kf4 g5+ 44. Ke3 Ra6 45. Kd3 e5 46. dxe5+ Kxe5 47. Kc3 Rc6+ 48. Kd3 Rc1 49. Rb6 Ra1 50. Rxh6 Ra3+ 51. Ke2 Rxa4 52. Rg6 Rxg4 53. Kf3 Rf4+ 54. Ke3 d4+ 55. Kd3 Kf5 56. Rg8 Rh4 57. Rf8+ Ke5 58. Rf2 Rh3+ 59. Kd2 g4 60. Rg2 Kf4 61. Rf2+ Rf3 62. Rg2 d3 63. Ke1 Ke3 64. Rg1 Rf4 65. Rg3+ Kd4 66. Kd2 Rf2+ 67. Ke1 Rxh2 68. Rxg4+ Kc3 69. Rg1 Ra2 0-1


[Site "https://www.chess.com"]

[Event "Titled Tuesday Blitz June 6 Late 2023"]
[White "Moore, Nicholas"]
[Black "ATM622"]
[WhiteFideId "4303709"]
[WhiteElo "2425"]
[BlackElo "2585"]
[Result "0-1"]
[Round "5"]
[TimeControl "180+2"]
[Date "2023.06.07"]
[WhiteClock "0:00:13"]
[BlackClock "0:00:47"]
[Board "106"]

1. c4 e5 2. g3 f5 3. d4 e4 4. Bg2 Nf6 5. Bg5 Bb4+ 6. Kf1 O-O 7. h4 d5 8. Bxf6 Qxf6 9. Qb3 Na6 10. cxd5 Qxd4 11. a3 Bc5 12. e3 Qf6 13. Ne2 Bd6 14. Nbc3 Nc5 15. Qc2 Nd3 16. Rd1 Bd7 17. Nc1 Ne5 18. N1e2 h6 19. h5 c6 20. Nf4 c5 21. Qb3 Rab8 22. Ne6 Bxe6 23. dxe6 c4 24. Qa4 Qxe6 25. Qxa7 b5 26. Qa6 Rfd8 27. Nxb5 Nd3 28. Nd4 Qf7 29. Nc6 Kh8 30. Nxd8 Rxd8 31. Rd2 Be5 32. Ke2 Bxb2 33. Rb1 c3 34. Rc2 Qa2 0-1


[Site "https://www.chess.com"]

[Event "Titled Tuesday Blitz June 6 Late 2023"]
[White "Dedona, Mark"]
[Black "Di Berardino, Diego Rafael"]
[WhiteFideId "30920256"]
[BlackFideId "2105446"]
[WhiteElo "2074"]
[BlackElo "2426"]
[Result "1-0"]
[Round "5"]
[TimeControl "180+2"]
[Date "2023.06.07"]
[WhiteClock "0:01:22"]
[BlackClock "0:00:06"]
[Board "107"]

1. e4 c5 2. b3 g6 3. Bb2 Nf6 4. e5 Nd5 5. Nc3 Nxc3 6. dxc3 Bg7 7. Qd5 O-O 8. Qxc5 b6 9. Qe3 Nc6 10. f4 d6 11. exd6 Qxd6 12. Nf3 e5 13. fxe5 Nxe5 14. Nxe5 Bxe5 15. Rd1 Qc7 16. Bd3 Bb7 17. O-O Bxh2+ 18. Kh1 Rae8 19. Qh3 Be5 20. Ba3 Bd6 21. Bxd6 Qxd6 22. Bb5 Qc5 23. Bxe8 Rxe8 24. Qd7 Re7 25. Qd8+ Kg7 26. Qd4+ Qxd4 27. cxd4 Re2 28. d5 Rxc2 29. Rfe1 Rxa2 30. Re7 Ba8 31. Re8 Bb7 32. Rb8 Ba6 33. d6 Be2 34. d7 1-0


[Site "https://www.chess.com"]

[Event "Titled Tuesday Blitz June 6 Late 2023"]
[White "Prado Lobo, Jonas"]
[Black "Amanov, Zhanibek"]
[WhiteFideId "32050666"]
[BlackFideId "13700189"]
[WhiteElo "2322"]
[BlackElo "2134"]
[Result "1-0"]
[Round "5"]
[TimeControl "180+2"]
[Date "2023.06.07"]
[WhiteClock "0:00:05"]
[BlackClock "0:00:03"]
[Board "108"]

1. d4 d5 2. Nc3 c5 3. e4 dxe4 4. d5 Nf6 5. Bf4 a6 6. Nge2 b5 7. Ng3 Bb7 8. Ngxe4 Nxe4 9. Nxe4 Qxd5 10. Qxd5 Bxd5 11. Nxc5 e5 12. Be3 Nd7 13. O-O-O Bxc5 14. Bxc5 Bxa2 15. Bd6 Be6 16. Bd3 f6 17. Be4 Ra7 18. f4 exf4 19. Bxf4 Kf7 20. Rd6 Nc5 21. Bf3 Rc8 22. Re1 Rd7 23. Rexe6 Nxe6 24. Rxd7+ Ke8 25. Ra7 Nxf4 26. Rxg7 Nd3+ 27. Kb1 Ne5 28. Be4 Rc4 29. Bxh7 Rf4 30. h3 a5 31. Ra7 Rf1+ 32. Ka2 Rf2 33. Be4 Re2 34. Bd5 Rxc2 35. Rxa5 Rd2 36. Ba8 Rxb2+ 37. Kxb2 Nc4+ 38. Kc3 Nxa5 39. Bd5 Ke7 40. h4 Kd6 41. h5 Kxd5 42. h6 Ke6 43. h7 Nc6 44. h8=Q Ne7 45. Qh3+ Kf7 46. Kb4 Nc6+ 47. Kxb5 Ne5 48. Kc5 Ng6 49. Qd7+ Kg8 50. Kd6 Nf8 51. Qe7 Ng6 52. Qxf6 Nf8 53. Ke7 Nh7 54. Qf7+ Kh8 55. g4 Ng5 56. Qf6+ Kh7 57. Qxg5 Kh8 58. Kf7 1-0


[Site "https://www.chess.com"]

[Event "Titled Tuesday Blitz June 6 Late 2023"]
[White "Szyszylo, Rafal"]
[Black "Mei, Austin"]
[WhiteFideId "1109626"]
[BlackFideId "30948479"]
[WhiteElo "1951"]
[BlackElo "2125"]
[Result "0-1"]
[Round "5"]
[TimeControl "180+2"]
[Date "2023.06.07"]
[WhiteClock "0:01:01"]
[BlackClock "0:00:21"]
[Board "109"]

1. e4 e5 2. Nc3 Nf6 3. Bc4 Nxe4 4. Qh5 Nd6 5. Bb3 Nc6 6. Nb5 g6 7. Qf3 f5 8. Qd5 Qe7 9. Nxc7+ Kd8 10. Nxa8 b6 11. Ne2 Bb7 12. Qd3 f4 13. Nxb6 axb6 14. Nc3 e4 15. Qh3 Nd4 16. O-O h5 17. Nd5 Qe5 18. Nxb6 N6f5 19. Nc4 Qe7 20. c3 Ne2+ 21. Kh1 f3 22. Ne3 Nf4 23. Nxf5 gxf5 24. Qg3 fxg2+ 25. Kg1 Ne2+ 26. Kxg2 Nxg3 27. fxg3 e3+ 28. Kg1 e2 29. Re1 Qe4 30. Rxe2 Qxe2 31. Bd5 Bxd5 0-1


[Site "https://www.chess.com"]

[Event "Titled Tuesday Blitz June 6 Late 2023"]
[White "Van Foreest, Machteld"]
[Black "Mayeregger, Arnold"]
[WhiteFideId "1051563"]
[BlackFideId "3705226"]
[WhiteElo "2018"]
[BlackElo "2038"]
[Result "0-1"]
[Round "5"]
[TimeControl "180+2"]
[Date "2023.06.07"]
[WhiteClock "0:00:09"]
[BlackClock "0:02:01"]
[Board "110"]

1. e4 c5 2. Nf3 Nc6 3. d4 cxd4 4. Nxd4 Nf6 5. Nc3 e5 6. Ndb5 d6 7. Bg5 a6 8. Na3 b5 9. Nd5 Be7 10. Bxf6 Bxf6 11. c3 O-O 12. Nc2 Rb8 13. h4 g6 14. Nce3 Bg7 15. h5 Ne7 16. Nxe7+ Qxe7 17. Nd5 Qd8 18. Qf3 Be6 19. Bd3 a5 20. Qg3 Bxd5 21. exd5 e4 22. Bxe4 Re8 23. f3 f5 24. hxg6 fxe4 25. O-O-O h6 26. fxe4 b4 27. c4 b3 28. axb3 Rxe4 29. Qf3 Qg5+ 30. Kc2 Qxg6 31. Rd3 a4 32. Rf1 axb3+ 33. Kb1 Rxc4 34. Qe2 Re8 35. Qd1 Rc2 36. Rxb3 Rd2+ 0-1


[Site "https://www.chess.com"]

[Event "Titled Tuesday Blitz June 6 Late 2023"]
[White "Mikhalsky, Vladimir"]
[Black "Santos Flores, Alberto"]
[WhiteFideId "14144352"]
[BlackFideId "3601234"]
[WhiteElo "2236"]
[BlackElo "2235"]
[Result "0-1"]
[Round "5"]
[TimeControl "180+2"]
[Date "2023.06.07"]
[WhiteClock "0:00:02"]
[BlackClock "0:00:16"]
[Board "111"]

1. e4 c5 2. Nf3 Nc6 3. d4 cxd4 4. Nxd4 g6 5. Nxc6 bxc6 6. Qd4 Nf6 7. e5 Nd5 8. c4 Qb6 9. Qe4 Nc7 10. Nc3 Bg7 11. Bd3 O-O 12. h4 d6 13. h5 Bf5 14. Qe2 Bxd3 15. Qxd3 dxe5 16. hxg6 hxg6 17. Qh3 f6 18. Bh6 Bxh6 19. Qxh6 Kf7 20. Qh7+ Ke6 21. Qh3+ f5 22. O-O Rh8 23. Qg3 Kf6 24. Rfe1 e4 25. c5 Qb8 26. Rad1 Ne6 27. Rd6 exd6 28. Nxe4+ fxe4 29. Rxe4 dxc5 30. Rxe6+ Kxe6 31. Qxg6+ Kd7 32. Qf7+ Kd6 33. Qf6+ Kc7 34. Qg7+ Kb6 35. Qc3 Qd6 36. Qb3+ Kc7 37. Qf7+ Qd7 38. Qf4+ Kb7 39. Qf3 Rad8 40. Qb3+ Ka8 0-1


[Site "https://www.chess.com"]

[Event "Titled Tuesday Blitz June 6 Late 2023"]
[White "Karas, Marek"]
[Black "Hoffmann, Asa"]
[WhiteFideId "14928558"]
[BlackFideId "2001470"]
[WhiteElo "2229"]
[BlackElo "2117"]
[Result "0-1"]
[Round "5"]
[TimeControl "180+2"]
[Date "2023.06.07"]
[WhiteClock "0:00:01"]
[BlackClock "0:00:09"]
[Board "112"]

1. d4 Nf6 2. c4 c5 3. d5 e5 4. Nc3 d6 5. e4 Be7 6. Nf3 Nbd7 7. Be2 Nf8 8. g3 Ng6 9. h4 h6 10. Be3 a6 11. h5 Nf8 12. Nh4 N8h7 13. Nf5 Bxf5 14. exf5 Nd7 15. Ne4 Nhf6 16. Nxf6+ Bxf6 17. Qc2 Bg5 18. f4 exf4 19. gxf4 Bh4+ 20. Bf2 Bxf2+ 21. Kxf2 Qf6 22. Bf3 O-O 23. Kg3 b5 24. b3 bxc4 25. bxc4 Rab8 26. Rab1 Rb4 27. Rxb4 cxb4 28. Qa4 Nc5 29. Qxb4 Qxf5 30. Qb1 Qf6 31. Qa1 Qd8 32. Re1 Re8 33. Qc3 Kf8 34. Re3 Rxe3 35. Qxe3 Qf6 36. Qd2 Qa1 37. Kh2 Qf1 38. Qa5 Qf2+ 39. Bg2 Qxf4+ 40. Kh1 Ke7 41. Qc7+ Kf6 42. Qd8+ Ke5 43. Qf8 Kd4 44. Qxg7+ Kxc4 45. Qb2 Nd3 46. Qb6 Qh4+ 47. Kg1 Qd4+ 48. Qxd4+ Kxd4 49. Bf1 a5 50. Bg2 Nf4 51. Bf3 Nxd5 52. Kf2 f5 53. Be2 f4 54. Kf3 Ke5 55. Bd3 Nb4 56. Bb1 d5 57. a3 Nc6 58. Bd3 Nd4+ 59. Kg4 f3 60. Kg3 Kf6 61. Kf4 f2 62. Ke3 Nc2+ 63. Kxf2 Nxa3 64. Ke3 Ke5 65. Bg6 Nc4+ 66. Kd3 a4 67. Kc3 a3 68. Kb3 Kd4 69. Bf7 Kc5 70. Bg8 Nd6 71. Kxa3 d4 72. Kb3 Nf5 73. Bf7 Kd6 74. Bg6 Ke5 75. Kc4 Ne3+ 76. Kd3 Ng4 77. Be8 Nf6 78. Bf7 Nd5 79. Kd2 Nf4 80. Be8 Kf5 81. Bf7 Kg5 82. Be8 Nxh5 83. Kd3 Nf6 84. Bc6 h5 85. Kxd4 Kf4 86. Kd3 h4 87. Ke2 Kg3 88. Kf1 h3 89. Kg1 Ng4 90. Bb7 h2+ 91. Kf1 Ne3+ 92. Ke2 Ng2 93. Kf1 h1=Q+ 0-1


[Site "https://www.chess.com"]

[Event "Titled Tuesday Blitz June 6 Late 2023"]
[White "Sairam, Pranav"]
[Black "Papayan, Oleg"]
[WhiteFideId "30951330"]
[BlackFideId "4193911"]
[WhiteElo "1918"]
[BlackElo "2167"]
[Result "1-0"]
[Round "5"]
[TimeControl "180+2"]
[Date "2023.06.07"]
[WhiteClock "0:00:15"]
[BlackClock "0:00:04"]
[Board "113"]

1. e4 e5 2. Nf3 Nc6 3. Bb5 Nf6 4. d3 Bc5 5. Bxc6 dxc6 6. O-O Qe7 7. Nbd2 Bg4 8. h3 Bh5 9. Nc4 Nd7 10. Ne3 O-O-O 11. c3 f6 12. b4 Bd6 13. Nf5 Qf7 14. Nxd6+ cxd6 15. Be3 Kb8 16. b5 c5 17. d4 b6 18. a4 g5 19. a5 Qc4 20. Nxe5 Bxd1 21. Nxc4 Be2 22. Nxd6 Bxf1 23. Kxf1 Rhf8 24. axb6 axb6 25. Ra6 Kc7 26. dxc5 bxc5 27. Rc6+ Kb8 28. Nc4 Rc8 29. Na5 Rxc6 30. bxc6 Ne5 31. Bxc5 Rc8 32. Bd6+ Ka7 33. c7 Kb6 34. Bxe5 fxe5 35. Nc4+ Kc5 36. Nxe5 Rxc7 37. Ke2 Kd6 38. Nf3 h6 39. Kd3 Ke6 40. Nd4+ Ke5 41. g3 Rf7 42. Ke3 Rf8 43. f4+ gxf4+ 44. gxf4+ Kf6 45. e5+ Kg6 46. Ke4 Rc8 47. f5+ Kg5 48. Nf3+ Kh5 49. e6 Rxc3 50. e7 Rc8 51. Ne5 Kg5 52. Nf7+ Kf6 53. Nd6 1-0


[Site "https://www.chess.com"]

[Event "Titled Tuesday Blitz June 6 Late 2023"]
[White "The_Sherman_Variation"]
[Black "Senft, Sean"]
[BlackFideId "2044960"]
[WhiteElo "2474"]
[BlackElo "1989"]
[Result "0-1"]
[Round "5"]
[TimeControl "180+2"]
[Date "2023.06.07"]
[WhiteClock "0:00:08"]
[BlackClock "0:00:16"]
[Board "114"]

1. Nf3 d5 2. g3 c6 3. Bg2 Nf6 4. O-O h5 5. h4 Bg4 6. d4 Nbd7 7. Bf4 Ne4 8. Nbd2 Ndf6 9. Ne5 Nxd2 10. Qxd2 Ne4 11. Qe3 Bf5 12. c4 f6 13. Nf3 e6 14. Nd2 Nxd2 15. Qxd2 Bd6 16. c5 Bxf4 17. Qxf4 Qe7 18. e4 Bxe4 19. Bxe4 dxe4 20. Qxe4 O-O-O 21. Rfe1 Rhe8 22. Rad1 g5 23. b4 f5 24. Qf3 gxh4 25. b5 Rd5 26. Qa3 hxg3 27. fxg3 Rg8 28. Re3 Qc7 29. Rdd3 f4 30. Rxe6 Rdg5 31. Qxa7 f3 32. Kf1 Rxg3 33. Qa8+ Kd7 34. Rd6+ Ke7 35. Qa4 Rg1+ 36. Kf2 R1g2+ 37. Ke3 Qc8 38. bxc6 Re2+ 39. Kxf3 Qg4# 0-1


[Site "https://www.chess.com"]

[Event "Titled Tuesday Blitz June 6 Late 2023"]
[White "Krzywda, Andrzej"]
[Black "Srdanovic, Jovana"]
[WhiteFideId "1114565"]
[BlackFideId "954810"]
[WhiteElo "2138"]
[BlackElo "2155"]
[Result "1-0"]
[Round "5"]
[TimeControl "180+2"]
[Date "2023.06.07"]
[WhiteClock "0:00:17"]
[BlackClock "0:00:11"]
[Board "116"]

1. e4 c6 2. d4 d5 3. exd5 cxd5 4. Bd3 Nc6 5. c3 Qc7 6. Ne2 Bg4 7. O-O Nf6 8. Qe1 e6 9. f3 Bh5 10. Qh4 O-O-O 11. Bg5 Bg6 12. Bxg6 fxg6 13. Bxf6 gxf6 14. Qxf6 Bd6 15. Qxe6+ Kb8 16. Qh3 Rde8 17. Nc1 Rhf8 18. Nd2 Rf5 19. g4 Rf7 20. Qg2 Rfe7 21. Nd3 h5 22. Rae1 a6 23. Rxe7 Rxe7 24. Re1 Rf7 25. h3 h4 26. Nf1 Qb6 27. Kh1 g5 28. Ne5 Bxe5 29. dxe5 Re7 30. e6 d4 31. Qf2 Ka7 32. cxd4 Nxd4 33. Rd1 Nxe6 34. Qxb6+ Kxb6 35. Re1 Kc7 36. Nd2 Kd7 37. Re5 Kd6 38. Nc4+ Kd7 39. Kg1 b5 40. Ne3 Re8 41. Nd5 Rc8 42. Nb6+ Kd6 43. Rxe6+ Kxe6 44. Nxc8 Kd5 45. Kf2 Kc4 46. Ke3 a5 47. Nd6+ Kc5 48. Ne4+ Kc4 49. Nxg5 b4 50. Ne4 a4 51. g5 1-0


[Site "https://www.chess.com"]

[Event "Titled Tuesday Blitz June 6 Late 2023"]
[White "Kokoszczynski, Jan"]
[Black "Pace, Christopher"]
[WhiteFideId "1174460"]
[BlackFideId "2610167"]
[WhiteElo "2139"]
[BlackElo "2327"]
[Result "1-0"]
[Round "5"]
[TimeControl "180+2"]
[Date "2023.06.07"]
[WhiteClock "0:00:03"]
[BlackClock "0:00:04"]
[Board "117"]

1. d4 Nf6 2. c4 e5 3. dxe5 Ng4 4. Nf3 Bc5 5. e3 Nc6 6. Be2 O-O 7. Nbd2 Re8 8. O-O Ngxe5 9. b3 Qf6 10. Rb1 Qg6 11. Bb2 Nd3 12. Ba1 d6 13. Nd4 Nf4 14. Bf3 Bxd4 15. exd4 Bh3 16. g3 Bxf1 17. Nxf1 Nh3+ 18. Kg2 Ng5 19. Ne3 Nxf3 20. Kxf3 Qe4+ 21. Ke2 f5 22. d5 Ne5 23. Bxe5 Rxe5 24. Qd3 Qg4+ 25. Kd2 Qf3 26. Qe2 Qxe2+ 27. Kxe2 g5 28. Kd3 Rae8 29. Rg1 Kf7 30. h4 h6 31. hxg5 hxg5 32. Rh1 Kg6 33. g4 f4 34. Nc2 Re2 35. Nd4 Rxf2 36. Nf5 Ree2 37. Rh6+ Kf7 38. Rh7+ Kg8 39. Rxc7 Rxa2 40. Nh6+ Kf8 41. Ke4 Rae2+ 42. Kf5 Re7 43. Rc8+ Kg7 44. Kxg5 Re5+ 45. Nf5+ Kf7 46. Rc7+ Ke8 47. Rxb7 f3 48. c5 dxc5 49. d6 Rd5 50. Kf6 Rfd2 51. Ke6 Kd8 52. Rb8# 1-0


[Site "https://www.chess.com"]

[Event "Titled Tuesday Blitz June 6 Late 2023"]
[White "Kohler, Aran"]
[Black "KorolDimitriy75"]
[WhiteFideId "1002856"]
[WhiteElo "2321"]
[BlackElo "2461"]
[Result "1-0"]
[Round "5"]
[TimeControl "180+2"]
[Date "2023.06.07"]
[WhiteClock "0:00:50"]
[BlackClock "0:00:05"]
[Board "118"]

1. d4 Nf6 2. c3 c5 3. dxc5 a5 4. Nf3 Na6 5. Bg5 Ne4 6. Bh4 Naxc5 7. Nbd2 d5 8. e3 h6 9. Nxe4 Nxe4 10. Bb5+ Bd7 11. Qxd5 Nd6 12. Bxd7+ Qxd7 13. O-O-O e6 14. Qd4 Qc6 15. Ne5 Qa6 16. Bg3 Be7 17. Ng6 fxg6 18. Bxd6 1-0


[Site "https://www.chess.com"]

[Event "Titled Tuesday Blitz June 6 Late 2023"]
[White "szachmistrz2500"]
[Black "Gonzalez Vega, Alejandro"]
[BlackFideId "3510042"]
[WhiteElo "2455"]
[BlackElo "2319"]
[Result "1-0"]
[Round "5"]
[TimeControl "180+2"]
[Date "2023.06.07"]
[WhiteClock "0:00:21"]
[BlackClock "0:00:01"]
[Board "119"]

1. d4 d5 2. c4 e6 3. Nf3 Nf6 4. Nc3 Bb4 5. a3 Bxc3+ 6. bxc3 c5 7. Bg5 Nbd7 8. cxd5 exd5 9. e3 Qa5 10. Qb3 c4 11. Qb4 Qxb4 12. axb4 Ne4 13. Ra3 b6 14. Bf4 Ke7 15. Nd2 f5 16. f3 Nxd2 17. Kxd2 Bb7 18. Be2 h6 19. h4 a6 20. g4 fxg4 21. fxg4 Nf6 22. Bf3 Rhe8 23. Be5 Kf8 24. g5 Nd7 25. Bf4 hxg5 26. hxg5 Ke7 27. Rh7 Rg8 28. Ra1 a5 29. bxa5 Rxa5 30. Rb1 Ra2+ 31. Ke1 Bc6 32. Bg4 b5 33. Rh2 Nb6 34. Rxa2 Na4 35. Kd2 Rh8 36. Raa1 Rh4 37. Rg1 g6 38. Raf1 Nb2 39. Be5 Nd3 40. Rf6 Be8 41. Rb6 Nxe5 42. dxe5 Rh2+ 43. Kd1 Kf8 44. Rf1+ 1-0


[Site "https://www.chess.com"]

[Event "Titled Tuesday Blitz June 6 Late 2023"]
[White "Spichkin, Alexander"]
[Black "Rego, Pedro Filipe"]
[WhiteFideId "4144074"]
[BlackFideId "1904310"]
[WhiteElo "1986"]
[BlackElo "2193"]
[Result "0-1"]
[Round "5"]
[TimeControl "180+2"]
[Date "2023.06.07"]
[WhiteClock "0:00:25"]
[BlackClock "0:00:22"]
[Board "120"]

1. f4 g6 2. Nf3 Bg7 3. e3 c5 4. Be2 Nc6 5. O-O Nh6 6. d3 d6 7. Qe1 O-O 8. e4 f5 9. Nc3 Nd4 10. e5 Nxc2 11. Qd1 Nxa1 12. Be3 Ng4 13. Bd2 dxe5 14. h3 exf4 15. hxg4 fxg4 16. Ng5 Bd4+ 17. Kh1 e5 18. Nce4 h6 19. Bxg4 Bf5 20. Nh3 Qh4 21. Bxf5 gxf5 22. Nd6 Rf6 23. Nxb7 Rg6 24. Qf3 Rg3 25. Qd5+ Kh8 26. Rf3 Rag8 27. Rxg3 Rxg3 28. Be3 Rxh3+ 29. gxh3 Qxh3+ 30. Kg1 Bxe3# 0-1


[Site "https://www.chess.com"]

[Event "Titled Tuesday Blitz June 6 Late 2023"]
[White "Magallanes, Rey Jomar"]
[Black "Kovalevsky, Stanislav"]
[WhiteFideId "5205948"]
[BlackFideId "13508598"]
[WhiteElo "2310"]
[BlackElo "2112"]
[Result "0-1"]
[Round "5"]
[TimeControl "180+2"]
[Date "2023.06.07"]
[WhiteClock "0:02:13"]
[BlackClock "0:01:57"]
[Board "121"]

1. e4 e6 2. d4 d5 3. e5 c5 4. c3 Nc6 5. Nf3 cxd4 6. cxd4 f6 7. exf6 Nxf6 8. a3 Bd6 9. b4 O-O 10. Bd3 e5 11. b5 e4 12. bxc6 exf3 13. cxb7 fxg2 14. Rg1 Qe7+ 15. Be3 Qxb7 16. Rxg2 Bh3 17. Rg5 Rae8 18. Nd2 Bf4 19. Rg1 Bxe3 20. fxe3 Rxe3+ 21. Be2 Rfe8 22. Rb1 Qe7 23. Nf3 Rxe2+ 0-1


[Site "https://www.chess.com"]

[Event "Titled Tuesday Blitz June 6 Late 2023"]
[White "Eidelman, Gabriel"]
[Black "Boder, Jan"]
[WhiteFideId "30910544"]
[BlackFideId "16243226"]
[WhiteElo "2451"]
[BlackElo "2241"]
[Result "1-0"]
[Round "5"]
[TimeControl "180+2"]
[Date "2023.06.07"]
[WhiteClock "0:01:07"]
[BlackClock "0:00:51"]
[Board "122"]

1. e3 e5 2. g3 Nf6 3. Bg2 d5 4. Ne2 Be7 5. O-O O-O 6. c4 d4 7. exd4 exd4 8. d3 c5 9. Nd2 Nc6 10. Nf3 Re8 11. a3 a5 12. Nf4 Bf5 13. Re1 Qd7 14. Bd2 Bf8 15. Qc2 b6 16. Nh4 Bg6 17. Nhxg6 hxg6 18. Nd5 Nxd5 19. Bxd5 Rxe1+ 20. Rxe1 Re8 21. Rxe8 Qxe8 22. Qa4 Qe2 23. Qxc6 Qxd2 24. Qe8 Qxd3 25. Qxf7+ Kh7 26. Qxf8 Qd1+ 27. Kg2 d3 28. h4 1-0


[Site "https://www.chess.com"]

[Event "Titled Tuesday Blitz June 6 Late 2023"]
[White "slow_jamz"]
[Black "Vaglio Munoz, Jaime"]
[BlackFideId "6500145"]
[WhiteElo "2562"]
[BlackElo "2199"]
[Result "0-1"]
[Round "5"]
[TimeControl "180+2"]
[Date "2023.06.07"]
[WhiteClock "0:00:03"]
[BlackClock "0:01:02"]
[Board "124"]

1. d4 c6 2. c4 b5 3. cxb5 cxb5 4. e4 Bb7 5. Bd3 Nf6 6. Qe2 Nc6 7. Nf3 Nb4 8. e5 Nxd3+ 9. Qxd3 Nd5 10. O-O b4 11. Nbd2 e6 12. Re1 a5 13. Ne4 h6 14. Be3 Ba6 15. Qd1 Be7 16. Rc1 O-O 17. Nc5 Bb5 18. Nd2 Nxe3 19. Rxe3 d6 20. Nb7 Qb6 21. exd6 Bxd6 22. Nxd6 Qxd6 23. Ne4 Qd5 24. Rc5 Qd7 25. Rg3 f5 26. Nd2 Bc6 27. Nc4 Bd5 28. Ne5 Qa7 29. Qc1 Qa6 30. Qxh6 Ra7 31. Qg6 Qe2 32. Rc1 Qd2 33. Rd1 0-1


[Site "https://www.chess.com"]

[Event "Titled Tuesday Blitz June 6 Late 2023"]
[White "Filgueira, Hernan"]
[Black "Arun, Siddharth"]
[WhiteFideId "101770"]
[BlackFideId "2079178"]
[WhiteElo "2363"]
[BlackElo "2356"]
[Result "1-0"]
[Round "5"]
[TimeControl "180+2"]
[Date "2023.06.07"]
[WhiteClock "0:01:41"]
[BlackClock "0:00:47"]
[Board "125"]

1. c4 c6 2. Nf3 d5 3. g3 Nf6 4. Bg2 e6 5. Qc2 dxc4 6. Qxc4 b5 7. Qc2 Bb7 8. O-O Nbd7 9. a4 a6 10. d3 Be7 11. Nbd2 O-O 12. b3 c5 13. Bb2 Rc8 14. e4 Qc7 15. Rfc1 e5 16. Bh3 Qd6 17. axb5 axb5 18. Ra7 Bc6 19. Rca1 Bd8 20. Nh4 Bb6 21. Nf5 Qb8 22. Ne7+ Kh8 23. Nxc8 Rxc8 24. R7a2 Rd8 25. Bc3 c4 26. bxc4 Nc5 27. Ba5 Nxd3 28. Bxb6 Qxb6 29. c5 Nxc5 30. Bf1 Ncxe4 31. Nxe4 Nxe4 32. Rd1 Rxd1 33. Qxd1 Nc3 34. Qd6 1-0


[Site "https://www.chess.com"]

[Event "Titled Tuesday Blitz June 6 Late 2023"]
[White "Stachanczyk, Jacek"]
[Black "Graif, William"]
[WhiteFideId "1116657"]
[BlackFideId "2609835"]
[WhiteElo "2084"]
[BlackElo "2201"]
[Result "0-1"]
[Round "5"]
[TimeControl "180+2"]
[Date "2023.06.07"]
[WhiteClock "0:00:10"]
[BlackClock "0:00:05"]
[Board "126"]

1. e4 e5 2. Nc3 Bc5 3. f4 d6 4. Nf3 Nc6 5. Bb5 Bd7 6. Bxc6 Bxc6 7. fxe5 dxe5 8. Nxe5 Qd4 9. Nd3 Bb6 10. Qe2 Nf6 11. b3 O-O 12. Bb2 Nxe4 13. O-O-O Rfe8 14. Na4 Qd6 15. Qg4 Bd4 16. Nc3 Nf6 17. Qh4 a5 18. Rhf1 a4 19. Kb1 axb3 20. axb3 Bxg2 21. Rg1 Bxg1 22. Rxg1 Qc6 23. Nf4 Be4 24. Nxe4 Rxe4 25. Rxg7+ Kxg7 26. Bxf6+ Kf8 27. Qh6+ Ke8 28. Qg7 Re1+ 29. Kb2 Ra2+ 30. Kxa2 Qa6+ 31. Kb2 Qa1# 0-1


[Site "https://www.chess.com"]